 Dungeon Crawl Stone Soup version 0.18-a0-1123-gbd92598 (webtiles) character file.

651 MrRokkomies the Covered (level 7, -5/43 HPs)
             Began as a Gargoyle Fighter on Jan 19, 2016.
             Was a Priest of Jiyva.
             Slain by an ogre
             ... wielding a +0 giant spiked club
              (19 damage)
             ... on level 6 of the Dungeon.
             The game lasted 00:07:43 (3527 turns).

MrRokkomies the Covered (Gargoyle Fighter)          Turns: 3527, Time: 00:07:43

Health: -5/43      AC: 18    Str: 24    XL:     7   Next: 53%
Magic:  7/7        EV:  8    Int: 10    God:    Jiyva [***...]
Gold:   172        SH:  0    Dex: 10    Spells: 0 memorised, 6 levels left

rFire  . . .     SeeInvis .     a - +1 flail
rCold  . . .     Gourm    .     n - +0 plate armour
rNeg   + . .     Faith    .     (no shield)
rPois  ∞         Spirit   .     o - +0 helmet
rElec  +         Dismiss  +     (no cloak)
rCorr  +         Reflect  .     (no gloves)
SustAt .         Harm     .     (no boots)
MR     .....                    l - amulet of dismissal
Stlth  ..........               (no ring)
                                m - +1 ring of evasion

@: mighty, not resistant to hostile enchantments, extremely unstealthy
A: negative energy resistance 1, electricity resistance, unbreathing,
petrification resistance, rot immunity, AC +4
a: Request Jelly, Jelly Paralyse, Renounce Religion


You were on level 6 of the Dungeon.
You worshipped Jiyva.
Jiyva was most pleased with you.
You were not hungry.

You visited 1 branch of the dungeon, and saw 6 of its levels.

You collected 172 gold pieces.

Inventory:

Hand Weapons
 a - a +1 flail (weapon)
Missiles
 i - 21 sling bullets
 v - 45 stones (quivered)
 w - 18 poisoned needles
Armour
 c - a +0 shield
 n - a +0 plate armour (worn)
 o - a +0 helmet (worn)
Jewellery
 h - an uncursed ring of ice
 l - an amulet of dismissal (around neck)
 m - a +1 ring of evasion (left hand)
 q - an uncursed ring of fire
Scrolls
 e - a scroll of identify
 r - a scroll of enchant armour {unknown}
 y - a scroll of amnesia
Potions
 b - a potion of resistance {unknown}
 j - a potion of cure mutation
 p - a potion of brilliance {unknown}
 s - 2 potions of curing
 t - a potion of haste {unknown}
 u - a potion of lignification {unknown}
 x - a potion of poison {unknown}
Comestibles
 f - 2 bread rations
 g - 2 meat rations
 k - a beef jerky


   Skills:
 - Level 4.2 Fighting
 * Level 6.0 Maces & Flails
 * Level 6.3 Armour
 - Level 3.2 Shields


You had 6 spell levels left.
You didn't know any spells.

Dungeon Overview and Level Annotations

Branches:
Dungeon (6/15)             Temple (0/1) D:5

Altars:
Ashenzari
Cheibriados
Dithmenos
Gozag
Kikubaaqudgha
Nemelex Xobeh
Vehumet
Jiyva


Innate Abilities, Weirdness & Mutations

You are resistant to torment.
Your stone body is resilient (AC +4).
You are immune to poison.
You resist negative energy.
You are resistant to electric shocks.
You can survive without breathing.
You are immune to petrification.
You are immune to rotting.


Message History

Aim: an ogre, wielding a giant spiked club (lightly wounded)
You throw a stone. The stone barely misses the ogre.
Your plate armour prevents you from hitting the ogre.
The ogre is lightly wounded.
The ogre closely misses you.
You completely miss the ogre.
The ogre is lightly wounded.
The ogre hits you with a giant spiked club!
Your plate armour prevents you from hitting the ogre.
The ogre is lightly wounded.
The ogre hits you with a giant spiked club!!
You sock the ogre!
The ogre is heavily wounded.
The ogre barely misses you.
You hit the ogre.
The ogre is heavily wounded.
Drink which item? (? for menu, Esc to quit)
You feel very mighty all of a sudden.
The ogre hits you with a giant spiked club!!
You die...

#..(### #...(.# #...(.# ##
#...(/ ... .# #....###..#
... #.........###
....#.....# ..###########
..........#####...........#
####.......O@..####...(...#
#....#..####............#
#.##....# #######......# ..
##(..# #......# .# .......
#...<..# ##........
######## ####..###.# #... #
###..


You could see an ogre.

Vanquished Creatures
  The ghost of Duffy the Grappler, a novice MiFi (D:5)
  A scorpion (D:4)
  A crimson imp (D:5)
  A giant frog zombie (D:5)
  A hound (D:5)
  2 orc priests (D:5)
  An iguana (D:4)
  An orc wizard (D:4)
  A worker ant (D:4)
  2 adders
  An adder zombie (D:5)
  A worm (D:3)
  2 giant geckos
  6 orcs
  7 goblins
  9 hobgoblins
  9 jackals
  A quokka (D:2)
  9 bats
  3 giant newts
  3 kobolds (D:1)
  10 rats
73 creatures vanquished.

Vanquished Creatures (others)
  A black bear (D:5)
  A human (D:3)
  A jelly (D:5)
  2 adders (D:3)
  An adder zombie (D:5)
  A giant gecko (D:3)
  2 orcs (D:5)
  A giant cockroach (D:3)
  2 hobgoblins (D:3)
  A quokka (D:3)
  A ball python skeleton (D:5)
  A giant newt (D:3)
  A goblin (D:3)
  A kobold (D:3)
  3 rats (D:3)
20 creatures vanquished.

Grand Total: 93 creatures vanquished

Notes
Turn   | Place    | Note
--------------------------------------------------------------
     0 | D:1      | MrRokkomies the Gargoyle Fighter began the quest for the Orb.
     0 | D:1      | Reached XP level 1. HP: 14/14 MP: 1/1
    88 | D:1      | Reached XP level 2. HP: 13/19 MP: 2/2
   824 | D:2      | Reached XP level 3. HP: 20/24 MP: 3/3
   955 | D:2      | Reached skill level 4 in Fighting
  1074 | D:2      | Found a radiant altar of Vehumet.
  1324 | D:2      | Found an opulent altar of Gozag.
  1409 | D:3      | Found a faded altar to an unknown god.
  1415 | D:3      | Became a worshipper of Jiyva Jyremuka the Shapeless
  1415 | D:3      | Reached * piety under Jiyva
  1424 | D:3      | Found an ancient bone altar of Kikubaaqudgha.
  1428 | D:3      | Noticed a human
  1430 | D:3      | Killed a human
  1483 | D:3      | Reached XP level 4. HP: 29/29 MP: 4/4
  1641 | D:3      | Reached ** piety under Jiyva
  2039 | D:4      | Found a snail-covered altar of Cheibriados.
  2052 | D:4      | Reached XP level 5. HP: 25/33 MP: 5/5
  2531 | D:4      | Found a shattered altar of Ashenzari.
  2735 | D:5      | Entered Level 5 of the Dungeon
  2756 | D:5      | Noticed Duffy's ghost (novice MiFi)
  2778 | D:5      | Found a shadowy altar of Dithmenos.
  2778 | D:5      | Found a sparkling altar of Nemelex Xobeh.
  2804 | D:5      | Killed Duffy's ghost
  2804 | D:5      | Reached skill level 5 in Maces & Flails
  2804 | D:5      | Reached skill level 5 in Armour
  2804 | D:5      | Reached XP level 6. HP: 3/38 MP: 3/6
  2804 | D:5      | Reached XP level 7. HP: 3/43 MP: 3/7
  3073 | D:5      | Found a staircase to the Ecumenical Temple.
  3083 | D:5      | Reached skill level 6 in Armour
  3247 | D:5      | Reached *** piety under Jiyva
  3527 | D:6      | Slain by an ogre

Vault maps used:
D:1:      dpeg_arrival_erosion
D:2:      grunt_gozag_statues, lemuel_tele_altar
D:3:      first_bread, ecumenical_altar_1, hangedman_abyss_or_decor_lesser_grid,
          tgw_kikubaaqudgha
D:4:      kennysheep_mini, nicolae_overflow_crystal_walls, serial_bayou_pond_e,
          minmay_misc_feat_diagonals
D:5:      gammafunk_temple_overflow_elements, minmay_temple_entry_overgrown
D:6:      old_standard_altar, uniq_duvessa

Action                   |  1- 3 |  4- 6 |  7- 9 || total
-------------------------+-------+-------+-------++-------
Melee: Flail             |   146 |    95 |    63 ||   304
Throw: Stone             |       |       |     6 ||     6
Invok: Request Jelly     |       |     1 |       ||     1
  Use: Scroll            |     5 |       |     1 ||     6
       Potion            |       |     3 |     1 ||     4
 Stab: Distracted        |       |     1 |       ||     1
  Eat: Chunk             |     2 |     3 |     1 ||     6
